 Dungeon Crawl Stone Soup version 0.28-a0-691-gad6df49e81 (webtiles) character file.

Game seed: 6175096979948670625

128 Zenkrye the Twirler (level 5, -2/41 HPs)
             Began as a Formicid Fighter on Oct 21, 2021.
             Slain by Blork the orc (3 damage)
             ... on level 4 of the Dungeon.
             The game lasted 00:07:08 (3455 turns).

Zenkrye the Twirler (Formicid Fighter)              Turns: 3455, Time: 00:07:08

Health: -2/41      AC:  8    Str: 20    XL:     5   Next: 33%
Magic:  5/5        EV:  9    Int:  9    God:
Gold:   110        SH:  4    Dex: 10    Spells: 2/4 levels left

rFire   . . .      SeeInvis +   a - +0 quarterstaff
rCold   . . .      Faith    .   c - +0 buckler
rNeg    . . .      Spirit   .   b - +0 scale mail
rPois   .          Reflect  .   (helmet unavailable)
rElec   .          Harm     .   (no cloak)
rCorr   .          Rampage  .   (no gloves)
Will    .....                   m - +0 pair of boots
Stlth   ..........              (no amulet)
HPRegen 0.13/turn               (no ring)
MPRegen 0.09/turn               (no ring)

@: mighty
A: permanent stasis, dig shafts and tunnels, antennae 3, four strong arms
a: Dig, Shaft Self


You were on level 4 of the Dungeon.
You visited 1 branch of the dungeon, and saw 4 of its levels.

You collected 110 gold pieces.

Inventory:

Hand Weapons
 a - a +0 quarterstaff (weapon)
Armour
 b - a +0 scale mail (worn)
 c - a +0 buckler (worn)
 m - a +0 pair of boots (worn)
Scrolls
 f - 2 scrolls of fog {unknown}
 g - 2 scrolls of teleportation {unknown}
 k - a scroll of magic mapping
Potions
 e - 3 potions of heal wounds {unknown}
 h - a potion of mutation
 i - a potion of berserk rage {unknown}
 j - a potion of invisibility {unknown}
 n - 2 potions of brilliance {unknown}


   Skills:
 - Level 3.2 Fighting
 + Level 5.1 Staves
 - Level 3.2 Armour
 - Level 3.6 Shields


You had 2 spell levels left.
You knew the following spells:

 Your Spells              Type           Power      Damage    Failure   Level
a - Passwall              Tmut/Erth      0%         N/A       86%         2

Your spell library contained the following spells:

 Spells                   Type           Power      Damage    Failure   Level
 Leda's Liquefaction      Hex/Erth       0%         N/A       100%        4
 Lee's Rapid Deconstruct  Erth           0%         3d5*      100%        5
 Invisibility             Hex            0%         N/A       100%        6
 Statue Form              Tmut/Erth      0%         N/A       100%        6
 Swiftness                Air            Unusable   N/A       N/A         3

Dungeon Overview and Level Annotations

Branches:
Dungeon (4/15)
 Temple: D:4-7

Altars:
Zin

Shops:
D:1 ::(   D:2 (   D:3 *

Annotations:
D:4 Blork the orc


Innate Abilities, Weirdness & Mutations

You cannot be hasted, slowed, berserked, paralysed or teleported.
You can dig through walls and to a lower floor.
You have a pair of large antennae on your head. (SInv)
Your four strong arms can wield two-handed weapons with a shield.


Message History

The poisoned dart closely misses Blork the orc.
The teleport trap disappears.
Blork the orc disappears!
Blork the orc reappears nearby!
Really fire
o - a throwing net {!f}? [Y]es or [N]o only, please.
Really fire
o - a throwing net {!f}?
Unknown command.
Blork the orc mumbles some strange words.
Blork the orc seems to speed up.
Blork the orc points at you and mumbles some strange words.
You block the puff of frost.
Blork the orc points at you and mumbles some strange words.
The puff of flame hits you. Blork the orc casts a spell at you.
The puff of frost misses you.
Blork the orc points at you and mumbles some strange words.
The magic dart hits you.
Blork the orc gestures at you while chanting.
The puff of flame hits you!
Okay, then.
Unknown command.
Throw: throwing net {!f}
Press: ? - help, Q - select action, (/) - cycle Shift-Dir - straight line, f/p - Blork the orc
Aim: Blork the orc, wielding a +3 hand axe of freezing and wearing a +0 robe (fast, 60% to hit)
You throw a throwing net {!f}.
The throwing net {!f} closely misses Blork the orc.
You hear a splash.
Blork the orc misses you.
You completely miss Blork the orc.
Blork the orc hits you with a +3 hand axe of freezing!
Blork the orc freezes you.
* * * LOW HITPOINT WARNING * * *
Blork the orc gestures at you while chanting.
The puff of frost hits you.
* * * LOW HITPOINT WARNING * * *
You feel very mighty all of a sudden.
Blork the orc hits you with a +3 hand axe of freezing!
* * * LOW HITPOINT WARNING * * *
Blork the orc freezes you.
You die...

♣♣♣♣♣♣♣♣...#.....# #......#
≈≈P≈♣≈≈≈≈..#....####......#
≈≈≈≈≈≈≈≈≈♣.#....##.......###
≈≈P≈P≈≈≈≈.......##..o......♣
≈..............###...≈≈≈≈≈P≈≈♣
............#### ##..≈≈P≈≈≈≈≈≈
†...≈..≈.≈≈P≈P# #...P≈≈≈≈≈≈≈
≈..≈♣≈≈≈≈≈≈≈P≈♣####...≈≈P≈≈≈≈≈
≈≈≈≈P≈≈≈≈≈≈P≈≈≈♣@o....≈(≈≈≈≈≈≈
≈≈P≈≈≈≈≈≈≈≈≈≈≈♣.......≈P≈≈≈≈≈
♣≈≈P≈≈≈≈≈≈≈♣≈≈.....(.≈P≈≈≈≈≈
♣≈≈≈≈≈≈≈P≈♣♣.........P≈≈≈≈≈≈
♣PP≈≈PP≈#####......(.≈≈≈≈≈≈≈
♣≈♣♣♣≈# ##.......≈≈≈P≈≈
##......≈≈≈≈≈≈ ##......####


You could see Blork the orc (fast).

Vanquished Creatures
  Robin (D:2)
  2 gnolls
  2 adders
  An adder skeleton (D:4)
  A dart slug (D:1)
  3 bats
  5 endoplasms
  A giant cockroach (D:2)
  13 goblins
  15 hobgoblins
  4 jackals (D:1)
  6 kobolds
  A quokka (D:4)
  4 ball pythons
  4 frilled lizards
  5 rats
68 creatures vanquished.

Vanquished Creatures (others)
  8 plants (D:4)
8 creatures vanquished.

Grand Total: 76 creatures vanquished

Notes
Turn   | Place    | Note
-------+----------+-------------------------------------------
     0 | D:1      | Zenkrye the Formicid Fighter began the quest for the Orb.
     0 | D:1      | Reached XP level 1. HP: 18/18 MP: 1/1
    65 | D:1      | Reached XP level 2. HP: 24/24 MP: 2/2
   138 | D:1      | Reached skill level 3 in Staves
   167 | D:1      | Found Hannuasm's Antique Weapon Emporium.
   453 | D:1      | Found Sirrut's Book Emporium.
   461 | D:1      | Reached XP level 3. HP: 29/29 MP: 3/3
   511 | D:1      | Learned a level 2 spell: Passwall
   550 | D:1      | Found a faded altar of an unknown god.
   766 | D:1      | Found Offudili's Book Boutique.
  1125 | D:2      | Noticed Robin
  1456 | D:2      | Found Tyluif's Weapon Emporium.
  1509 | D:2      | Killed Robin
  1510 | D:2      | Reached skill level 4 in Staves
  1510 | D:2      | Reached XP level 4. HP: 35/35 MP: 4/4
  1707 | D:2      | Found a glowing silver altar of Zin.
  2492 | D:3      | Noticed an ogre
  2531 | D:3      | Found Humux's Assorted Antiques.
  2879 | D:3      | Reached XP level 5. HP: 41/41 MP: 5/5
  3259 | D:4      | Reached skill level 5 in Staves
  3416 | D:4      | Noticed Blork the orc
  3455 | D:4      | HP: 1/41 [Blork the orc (7)]
  3455 | D:4      | Slain by Blork the orc

Illustrated notes

Levels and vault maps discovered:
D:1:      eino_arrival_water_star, layout_loops_ring, serial_shops,
          nicolae_shop_stone, shop_statue, nicolae_shop_trees,
          shapermc_ecumenical_altar_notcrosses, minmay_fountain_box,
          minmay_misc_feat_cross, serial_bayou_pond_c, amethyst_killhole,
          glass_columns_c
D:2:      wad_lake_hut, layout_basic, basic_altar, serial_shops, shop,
          uniq_robin
D:3:      layout_basic, serial_shops, shop, hex_intersection
D:4:      layout_cave_pods, serial_bayou, serial_bayou_lagoon_a,
          serial_bayou_ford_a, serial_bayou_pond_e, serial_bayou_pond_e,
          serial_bayou_shore_a, uniq_blork_the_orc

Skill      XL: |  1  2  3  4  5 |
---------------+----------------+-----
Staves         | 3 4 5 |  5.1
Fighting       | |  3.2
Armour         | |  3.2
Shields        | |  3.6

Action                   |  1- 3 |  4- 6 || total
-------------------------+-------+-------++-------
Melee: Quarterstaff      |    98 |    79 ||   177
Throw: Dart              |       |     5 ||     5
       Throwing net      |       |     1 ||     1
  Use: Scroll            |     4 |       ||     4
       Potion            |       |     1 ||     1
Armor: Scale mail        |    42 |    32 ||    74
Dodge: Dodged            |    42 |    37 ||    79
Block: Buckler           |    25 |    22 ||    47

Table legend: (Time is in decaauts)
 A = Elapsed time spent in this place.
 B = Non-inter-level travel time spent in this place.
 C = Inter-level travel time spent in this place.
 D = Time resting spent in this place.
 E = Time spent auto-exploring this place.
 F = Levels seen in this place.
 G = Mean time per level.
                   A        B        C        D        E       F      G
               +--------+--------+--------+--------+--------+-----+--------+
         Total |   3535 |   3390 |    145 |    428 |   2377 |   4 |  883.8 |
       Dungeon |   3535 |   3390 |    145 |    428 |   2377 |   4 |  883.8 |
               +--------+--------+--------+--------+--------+-----+--------+

Top non-repeatable levels by time:
     D:2: 1355 daAuts
     D:1: 1335 daAuts
     D:4: 470 daAuts
     D:3: 374 daAuts
